 Dungeon Crawl Stone Soup version 0.30.1-3-gfc49f6343a (webtiles) character file.

Game seed: 12299274803736559038

586 Fodor the Covered (level 7, -2/61 HPs)
             Began as a Minotaur Fighter on July 20, 2023.
             Was an Initiate of Gozag.
             Slain by a gnoll
             ... wielding a +0 flail
             ... led by a gnoll sergeant
              (3 damage)
             ... on level 5 of the Dungeon.
             The game lasted 00:20:50 (3231 turns).

Fodor the Covered (Minotaur Fighter)                Turns: 3231, Time: 00:20:51

Health: -2/61      AC:  7    Str: 22    XL:     7   Next: 15%
Magic:  6/6        EV: 10    Int:  5    God:    Gozag
Gold:   393        SH:  4    Dex: 10    Spells: 6/6 levels left

rFire   . . .        o - +4 flail
rCold   . . .        c - +0 buckler
rNeg    . . .        b - +0 scale mail
rPois   .            (helmet restricted)
rElec   .            (no cloak)
rCorr   .            (no gloves)
SInv    .            (no boots)
Will    .....        (no amulet) Stlth
                     (no ring)
HPRegen 0.30/turn    (no ring)
MPRegen 0.10/turn

%: no passive effects
@: gold aura
A: horns 2, retaliatory headbutt
a: Renounce Religion, Potion Petition, Call Merchant, Bribe Branch


You were on level 5 of the Dungeon.
You worshipped Gozag.
Gozag was aware of your devotion.
You visited 1 branch of the dungeon, and saw 5 of its levels.

You collected 393 gold pieces.

Inventory:

Hand Weapons
 h - a +0 war axe
 o - a +4 flail (weapon)
Missiles
 k - 9 poisoned darts (quivered)
Armour
 b - a +0 scale mail (worn)
 c - a +0 buckler (worn)
Scrolls
 a - a scroll of fog {unknown}
 f - a scroll of poison
 i - a scroll of enchant weapon {unknown}
 l - a scroll of amnesia {unknown}
 m - a scroll of silence {unknown}
 n - a scroll of blinking {unknown}
 q - a scroll of vulnerability {unknown}
 u - a scroll of teleportation {unknown}
Potions
 d - a potion of might
 e - a potion of brilliance {unknown}
 g - a potion of resistance {unknown}
 j - a potion of magic {unknown}
 p - a potion of flight {unknown}
 r - a potion of haste {unknown}
 s - a potion of mutation {unknown}
 t - a potion of ambrosia {unknown}


   Skills:
 + Level 5.0 Fighting
 + Level 4.1 Long Blades
 + Level 4.0(4.4) Axes
 + Level 2.4(3.6) Maces & Flails
 + Level 0.4 Throwing
 + Level 5.6 Armour
 + Level 1.8 Dodging
 + Level 0.1 Stealth
 + Level 4.5 Shields


You had 6 spell levels left.
You didn't know any spells.
Your spell library contained the following spells:

 Spells                   Type           Power      Damage    Failure   Level
 Kiss of Death            Conj/Necr      0%         2d5       85%         1
 Magic Dart               Conj           0%         1d3       85%         1
 Call Imp                 Summ           0%         N/A       94%         2
 Confusing Touch          Hex            0%         N/A       99%         3
 Hailstorm                Conj/Ice       0%         3d3       99%         3
 Mephitic Cloud           Conj/Pois/Air  0%         N/A       99%         3
 Stone Arrow              Conj/Erth      0%         3d7       99%         3
 Animate Armour           Summ/Erth      0%         N/A       100%        4
 Cause Fear               Hex            0%         N/A       100%        4
 Dispel Undead            Necr           0%         3d6       100%        4
 Ice Form                 Ice/Tmut       0%         N/A       100%        4
 Dragon Form              Tmut           0%         N/A       100%        7
 Lehudib's Crystal Spear  Conj/Erth      0%         10d2      100%        8
 Dragon's Call            Summ           0%         N/A       100%        9
 Simulacrum               Ice/Necr       Unusable   N/A       N/A         6

Dungeon Overview and Level Annotations

Branches:
Dungeon (5/15)
 Temple: D:4-7

Altars:
Gozag

Shops:
D:1 =   D:5 [

Annotations:
D:5 Sigmund


Innate Abilities, Weirdness & Mutations

You have a pair of horns on your head.
You reflexively headbutt those who attack you in melee.


Message History

You block the gnoll sergeant's attack.
You hit the gnoll sergeant but do no damage.
You headbutt the gnoll sergeant!
The gnoll sergeant is severely wounded.
The gnoll is no longer distracted by gold.
The gnoll hits you with a +0 flail. You block the gnoll sergeant's attack.
The gnoll closely misses you.
You hit the gnoll sergeant. You headbutt the gnoll sergeant.
You kill the gnoll sergeant!
The gnoll barely misses you. The gnoll hits you but does no damage.
Your Fighting skill increases to level 5!
You barely miss the gnoll.
You headbutt the gnoll, but do no damage.
The gnoll hits you from afar with a +0 spear.
The gnoll hits you with a +0 flail!
* * * LOW HITPOINT WARNING * * *
Something hits you!
* * * LOW HITPOINT WARNING * * *
The gnoll hits you with a +0 flail.
* * * LOW HITPOINT WARNING * * *
The gnoll hits you with a +0 flail.
* * * LOW HITPOINT WARNING * * *
The gnoll hits you from afar with a +0 spear.
* * * LOW HITPOINT WARNING * * *
The gnoll barely misses you. You furiously retaliate!
You headbutt the gnoll!
Okay, then.
What are your orders? t - Shout!
Orders for allies: a - Attack new target. r - Retreat! s - Stop attacking. g - Guard the area. f - Follow me.
Anything else - Cancel.
Okay, then.
Unknown command.
The air fills with toxic fumes!
As you read the scroll labelled VURIYT NOSESS, it crumbles to dust.
It was a scroll of poison.
Something completely misses you. The gnoll barely misses you.
The gnoll hits you with a +0 flail.
You die...
Your body crumbles into a pile of gold.

.####.#########
.(.............
§# §§
######...####
§# § ###...# §#
§# ###.# §#§§#
#.### §#§§#
#...# §§§§#
###§####gg§####
#§§§§@g{§§§§#
########§§§§#
§§# $ §


You could see 3 gnolls.

Vanquished Creatures
  2 phantoms (D:4)
  A gnoll sergeant (D:5)
  A howler monkey (D:5)
  A hound (D:5)
  10 gnolls
  10 adders
  An ufetubus (D:3)
  A worm (D:2)
  3 dart slugs
  5 orcs
  10 endoplasms
  5 giant cockroaches
  6 hobgoblins
  13 jackals
  11 kobolds
  5 quokkas
  5 ball pythons
  9 bats
  2 frilled lizards
  7 goblins
  3 rats
111 creatures vanquished.

Notes
Turn   | Place    | Note
-------+----------+-------------------------------------------
     0 | D:1      | Fodor the Minotaur Fighter began the quest for the Orb.
     0 | D:1      | Reached XP level 1. HP: 19/19 MP: 0/0
     5 | D:1      | Noticed an electric eel
   142 | D:1      | Reached XP level 2. HP: 20/27 MP: 1/1
   180 | D:1      | Found Merosuvo's Jewellery Emporium.
   495 | D:1      | Reached XP level 3. HP: 33/33 MP: 2/2
   634 | D:2      | Identified the +0 leather armour "Besti" {Harm rN+ Str+3
                  | Dex-2}
  1284 | D:2      | Reached XP level 4. HP: 26/40 MP: 3/3
  1290 | D:2      | Reached skill level 1 in Axes
  1753 | D:3      | Reached skill level 1 in Dodging
  1836 | D:3      | Reached XP level 5. HP: 46/46 MP: 4/4
  2111 | D:3      | Found a faded altar of an unknown god.
  2124 | D:3      | Prayed at the altar of an unknown god.
  2124 | D:3      | Became a worshipper of Gozag Ym Sagoz the Greedy
  2557 | D:4      | Reached XP level 6. HP: 52/52 MP: 5/5
  2617 | D:4      | Reached skill level 5 in Armour
  2836 | D:4      | Reached skill level 1 in Maces & Flails
  3052 | D:5      | Entered Level 5 of the Dungeon
  3079 | D:5      | Found Giwi Nui's Armour Shoppe.
  3159 | D:5      | Reached XP level 7. HP: 57/60 MP: 6/6
  3222 | D:5      | Noticed Sigmund
  3230 | D:5      | Reached skill level 5 in Fighting
  3230 | D:5      | HP: 3/61 [gnoll/+0 flail[a gnoll sergeant] (2)]
  3230 | D:5      | HP: 1/61 [gnoll/+0 spear[a gnoll sergeant] (2)]
  3231 | D:5      | Slain by a gnoll

Illustrated notes

Levels and vault maps discovered:
D:1:      arrival_aquarium_a, layout_rooms, serial_shops,
          nicolae_shop_tiny_waterfront
D:2:      layout_loops_cross, minmay_puff
D:3:      layout_rooms, chequers_ecumenical_altar_simple
D:4:      layout_cave_pools
D:5:      layout_basic, mainiacjoe_overflow_surrounded_room, serial_shops, shop,
          uniq_sigmund

Skill      XL: |  1  2  3  4  5  6  7 |
---------------+----------------------+-----
Armour         | 4 5 |  5.6
Fighting       | 4 5 |  5.0
Shields        | 4 |  4.5
Long Blades    | 3 4 |  4.1
Axes           | 2 3 4 |  4.0
Dodging        | 1 |  1.8
Maces & Flails | 1 2 |  2.4
Throwing       | |  0.4
Stealth        | |  0.1

Action                     |  1- 3 |  4- 6 |  7- 9 || total
---------------------------+-------+-------+-------++-------
  Melee: Long sword        |    67 |       |       ||    67
         Headbutt          |     7 |    11 |     3 ||    21
         War axe           |    23 |    79 |       ||   102
         Flail             |       |    43 |     7 ||    50
  Throw: Dart              |       |     4 |       ||     4
    Use: Potion            |       |     4 |       ||     4
         Scroll            |       |       |     1 ||     1
 Armour: Scale mail        |    73 |   100 |     5 ||   178
  Dodge: Dodged            |    62 |   104 |    10 ||   176
  Block: Buckler           |    33 |    48 |     3 ||    84
